 Dungeon Crawl Stone Soup version 0.24-a0-537-g2d01d4ab0a (webtiles) character file.

Game seed: 7174360592736292717

70 Napalmbreeze the Skirmisher (level 4, -5/41 HPs)
             Began as a Hill Orc Fighter on Aug 13, 2019.
             Slain by a gnoll
             ... wielding a +0 halberd
              (11 damage)
             ... on level 1 of the Dungeon.
             The game lasted 00:01:54 (1211 turns).

Napalmbreeze the Skirmisher (Hill Orc Fighter)      Turns: 1211, Time: 00:01:55

Health: -5/41      AC:  7    Str: 19    XL:     4   Next: 21%
Magic:  4/4        EV:  7    Int:  8    God:
Gold:   71         SH:  9    Dex: 10    Spells: 3/3 levels left

rFire    . . .     SeeInvis .   a - +0 war axe
rCold    . . .     Gourm    .   c - +0 shield
rNeg     . . .     Faith    .   b - +0 scale mail
rPois    .         Spirit   .   (no helmet)
rElec    .         Reflect  .   (no cloak)
rCorr    .         Harm     .   (no gloves)
MR       .....                  (no boots)
Stlth    ..........             (no amulet)
HPRegen  0.13/turn              (no ring)
MPRegen  0.09/turn              (no ring)

@: no status effects
A: no striking features
a: no special abilities


You were on level 1 of the Dungeon.
You were not hungry.

You visited 1 branch of the dungeon, and saw 2 of its levels.

You collected 71 gold pieces.

Inventory:

Hand Weapons
 a - a +0 war axe (weapon)
Missiles
 j - 17 poisoned darts (quivered)
Armour
 b - a +0 scale mail (worn)
 c - a +0 shield (worn)
Scrolls
 e - a scroll of teleportation {unknown}
 g - 2 scrolls of identify {unknown}
 h - a scroll of magic mapping {unknown}
 k - 2 scrolls of remove curse {unknown}
 m - a scroll of random uselessness {unknown}
 n - a scroll of fog {unknown}
Potions
 d - a potion of might
 l - a potion of mutation {unknown}
Comestibles
 f - 2 rations


   Skills:
 * Level 4.7 Fighting
 + Level 3.4 Axes
 + Level 3.8 Armour
 + Level 3.8 Shields


You had 3 spell levels left.
You didn't know any spells.
Your spell library was empty.

Dungeon Overview and Level Annotations

Branches:
Dungeon (2/15)

Altars:


Message History

The gnoll hits you with a +0 halberd!
The gnoll hits you from afar with a +0 halberd.
The gnoll barely misses you. x2
There is a stone staircase leading up here.
You block the gnoll's attack. x3
You climb upwards.
There is a stone staircase leading down here.
You closely miss the gnoll.
You hit the gnoll. x2; The gnoll hits you.
You block the gnoll's attack. The gnoll hits you with a +0 halberd!
The gnoll hits you but does no damage.
You are too injured to fight recklessly!
Unknown command.
You are too injured to fight recklessly!
Unknown command.
You are too injured to fight recklessly!
The gnoll barely misses you.
The gnoll hits you from afar with a +0 halberd!
* * * LOW HITPOINT WARNING * * *
The gnoll hits you from afar with a +0 halberd!
You die...

##.....#.....## #.#.#.......##..
#.............## #.#.............
...............# #.##.#.####.....
..>............# #.##.....##.....
...............# #.#.......).....
.............).# #.....)...(.....
............)..# ##..............
...............####............>.
#...............@.gg.............
##..(..#.....######..............
############# #...............
####### ####.#g>...........
#.....## ###....#.............
#.#.#..# ##.................###
###......###.......).....#.......
#...#.#...#.................##..#
#...................(........#..#


You could see 2 gnolls.

Vanquished Creatures
  A gnoll (D:2)
  2 adders (D:2)
  2 dart slugs
  2 leopard geckos (D:2)
  4 giant cockroaches
  2 hobgoblins (D:1)
  3 jackals (D:2)
  2 ball pythons
  3 bats
  A frilled lizard (D:1)
  6 goblins
  5 kobolds (D:1)
  2 rats (D:1)
35 creatures vanquished.

Notes
Turn   | Place    | Note
-------+----------+-------------------------------------------
     0 | D:1      | Napalmbreeze the Hill Orc Fighter began the quest for the
                  | Orb.
     0 | D:1      | Reached XP level 1. HP: 19/19 MP: 1/1
    91 | D:1      | Reached XP level 2. HP: 20/27 MP: 2/2
   296 | D:1      | Reached skill level 4 in Fighting
   431 | D:1      | Reached XP level 3. HP: 31/33 MP: 3/3
  1105 | D:2      | Reached XP level 4. HP: 39/41 MP: 4/4
  1211 | D:1      | Slain by a gnoll

Levels and vault maps discovered:
D:1:      roderic_crossed_star, layout_rooms, serial_glass, glass_columns_a,
          glass_columns_a
D:2:      layout_loops_corners, uniq_sigmund

Skill      XL: |  1  2 |
---------------+-------+-----
Fighting       | 4 |  4.7
Axes           | 3 |  3.4
Armour         | |  3.8
Shields        | |  3.8

Action                   |  1- 3 |  4- 6 || total
-------------------------+-------+-------++-------
Melee: War axe           |   111 |     9 ||   120
  Eat: Chunk             |     1 |       ||     1
Armor: Scale mail        |    46 |     2 ||    48
Dodge: Dodged            |    43 |     7 ||    50
Block: Shield            |    75 |    10 ||    85

Table legend:
 A = Non-vault XP
 B = Vault XP
 C = Vault XP percentage of total XP
 D = Non-vault monster count
 E = Vault monster count
 F = Vault count percentage of total count
                 A         B        C        D         E       F
            +---------+---------+-------+---------+---------+-------
      Total |     100 |       0 |   0.0 |      35 |       0 |   0.0
            +---------+---------+-------+---------+---------+-------
        D:1 |      36 |       0 |   0.0 |      21 |       0 |   0.0
        D:2 |      64 |       0 |   0.0 |      14 |       0 |   0.0
            +---------+---------+-------+---------+---------+-------
